AoeStats
← Random

Arena

504582148Analyzed
4v4 RM · 27d ago on Sep 5, 2026· 54m 10s· 8 players
Game mode
Random Map
Map size
Large (8 player)
Population
200
Speed
Normal
Resources
Standard
Victory
Conquest
Starting age
Dark Age
Ending age
Imperial Age
RankedLock teamsTeams togetherTeam positionsShared explorationLock speedFull tech treeHidden civsTurbo modeCheats
Victory
Defeat
🇺🇸 Bohemians · United States
1713
+7
🇵🇪 Slavs · Peru
1620
+10
🇺🇸 Burgundians · United States
1565
+12
🇺🇸 Wu · United States
1564
+12
🇹🇼 Japanese · Taiwan
1593
-15
🇦🇷 Chinese · Argentina
1507
-11
🇹🇼 Lithuanians · Taiwan
1483
-10
🇹🇼 Franks · Taiwan
1316
-5
Mr. Adam
7:39 Loom
10:29 Feudal Age
14:09 Castle Age
12:46 Horse Collar
13:01 Double-Bit Axe
15:18 Bow Saw
19:24 Wheelbarrow
20:33 Fervor
21:43 Heavy Plow
22:44 Hand Cart
27:14 Imperial Age
26:14 Chemistry
27:35 Padded Archer Armor
27:55 Town Watch
28:25 Wagenburg Tactics
28:41 Conscription
28:45 Siege Engineers
29:48 Pikeman
30:29 Squires
31:05 Scale Mail Armor
30:59 Halberdier
32:08 Leather Archer Armor
32:13 Chain Mail Armor
33:43 Forging
34:04 Ring Archer Armor
34:49 Treadmill Crane
35:19 Masonry
36:42 Plate Mail Armor
36:47 Iron Casting
35:37 Houfnice
37:47 Plate Mail Armor
37:52 Iron Casting
38:08 Bombard Tower
38:20 Architecture
38:12 Elite Skirmisher
39:48 Fletching
41:21 Blast Furnace
41:19 Bodkin Arrow
41:58 Guilds
43:10 Bracer
45:29 Caravan
49:51 Fortified Wall
Random
10:34 Feudal Age
14:04 Castle Age
12:19 Double-Bit Axe
12:15 Horse Collar
12:36 Horse Collar
15:00 Bow Saw
14:50 Heavy Plow
17:59 Town Watch
18:49 Wheelbarrow
24:37 Gold Mining
30:08 Imperial Age
27:25 Loom
28:03 Stone Mining
29:13 Squires
28:58 Arson
28:48 Pikeman
29:31 Scale Mail Armor
30:41 Chain Mail Armor
30:36 Forging
30:21 Halberdier
31:14 Forging
31:16 Masonry
32:38 Plate Mail Armor
32:31 Conscription
34:11 Iron Casting
36:42 Blast Furnace
40:53 Architecture
40:17 Fletching
40:41 Caravan
44:41 Coinage
44:19 Treadmill Crane
45:23 Banking
48:51 Man-at-Arms
54:41 Sitting Tiger
CopoDeNieve
10:23 Feudal Age
14:33 Castle Age
12:51 Double-Bit Axe
13:19 Horse Collar
16:36 Bow Saw
19:15 Loom
21:48 Loom
22:54 Wheelbarrow
23:00 Town Watch
24:50 Hand Cart
24:29 Stone Mining
28:37 Imperial Age
26:18 Gold Mining
27:20 Scale Barding Armor
27:59 Forging
28:02 Bloodlines
27:53 Husbandry
28:41 Scale Mail Armor
28:27 Pikeman
30:00 Chain Barding Armor
29:05 Cavalier
30:56 Conscription
31:13 Iron Casting
30:54 Chain Mail Armor
30:41 Halberdier
33:23 Plate Mail Armor
34:02 Fletching
34:50 Plate Barding Armor
35:37 Blast Furnace
35:19 Light Cavalry
36:18 Fletching
37:28 Bodkin Arrow
36:57 Hussar
39:24 Detinets
39:27 Padded Archer Armor
39:07 Capped Ram
39:14 Onager
40:52 Hoardings
40:18 Siege Ram
40:53 Siege Onager
41:52 Squires
43:03 Chemistry
44:13 Leather Archer Armor
44:17 Caravan
44:48 Coinage
46:23 Siege Onager
50:04 Heavy Plow
51:45 Two-Man Saw
50:23 Heavy Scorpion
52:05 Siege Engineers
52:21 Ballistics
52:33 Ring Archer Armor
Feisty
1:04 Loom
2:59 Double-Bit Axe
8:06 Horse Collar
11:19 Feudal Age
15:16 Castle Age
14:22 Bow Saw
14:14 Heavy Plow
14:52 Stone Mining
22:01 Loom
22:52 Wheelbarrow
24:29 Two-Man Saw
24:53 Stone Shaft Mining
28:48 Imperial Age
26:30 Gold Mining
28:06 Gold Shaft Mining
27:54 Scale Barding Armor
28:42 Forging
29:29 Chain Barding Armor
29:35 Burgundian Vineyards
31:54 Chemistry
31:07 Fletching
31:52 Plate Barding Armor
32:14 Masonry
33:06 Bodkin Arrow
33:47 Iron Casting
35:00 Pikeman
35:40 Squires
36:21 Hoardings
37:27 Blast Furnace
36:49 Scale Mail Armor
37:26 Bracer
37:59 Architecture
38:01 Conscription
37:09 Elite Coustillier
39:07 Halberdier
39:33 Arson
40:21 Hand Cart
40:40 Bombard Tower
40:56 Chain Mail Armor
41:31 Murder Holes
42:38 Coinage
42:54 Plate Mail Armor
43:01 Conscription
42:45 Treadmill Crane
47:08 Husbandry
46:29 Light Cavalry
50:40 Caravan
50:57 Padded Archer Armor
50:31 Hussar
54:12 Leather Archer Armor
54:49 Ballistics
54:17 Arrowslits
巨大豚
0:26 Loom
11:23 Feudal Age
15:53 Castle Age
14:19 Double-Bit Axe
14:44 Fletching
16:35 Bodkin Arrow
16:51 Bow Saw
17:31 Crossbowman
18:43 Horse Collar
24:02 Wheelbarrow
24:36 Town Watch
24:48 Gold Mining
24:49 Stone Mining
30:46 Imperial Age
28:14 Man-at-Arms
28:54 Squires
29:23 Heavy Plow
32:46 Chemistry
32:07 Ballistics
31:48 Bracer
31:49 Padded Archer Armor
33:29 Conscription
33:28 Elite Chu Ko Nu
34:45 Thumb Ring
34:57 Leather Archer Armor
38:23 Ring Archer Armor
38:07 Capped Ram
40:04 Siege Ram
44:02 Caravan
45:19 Masonry
45:05 Murder Holes
46:44 Pikeman
48:11 Architecture
48:04 Hand Cart
47:37 Halberdier
48:18 Scale Mail Armor
48:28 Forging
52:29 Scale Barding Armor
羅鈸棒
11:40 Feudal Age
15:39 Castle Age
13:58 Double-Bit Axe
13:54 Horse Collar
17:11 Bow Saw
21:59 Heavy Plow
22:47 Gold Mining
24:30 Gold Shaft Mining
24:43 Wheelbarrow
25:44 Hand Cart
26:52 Town Watch
26:52 Loom
27:02 Stone Mining
27:21 Loom
27:52 Scale Mail Armor
28:02 Forging
30:56 Imperial Age
28:11 Pikeman
28:51 Squires
28:38 Gambesons
28:39 Arson
29:22 Chain Mail Armor
29:16 Yasama
29:04 Treadmill Crane
29:34 Masonry
31:18 Iron Casting
31:22 Ballistics
31:14 Fortified Wall
32:25 Plate Mail Armor
31:18 Halberdier
31:44 Elite Skirmisher
34:16 Chemistry
33:12 Murder Holes
33:06 Elite Skirmisher
35:37 Blast Furnace
35:19 Fletching
35:30 Padded Archer Armor
35:40 Thumb Ring
36:05 Conscription
37:32 Two-Man Saw
36:46 Guard Tower
37:34 Bodkin Arrow
37:54 Leather Archer Armor
40:13 Two-Man Saw
40:00 Keep
40:28 Kataparuto
43:09 Town Patrol
44:12 Bracer
44:42 Ring Archer Armor
45:00 Redemption
46:10 Block Printing
49:02 Scale Barding Armor
武帝
11:46 Feudal Age
12:52 Double-Bit Axe
12:59 Loom
16:12 Castle Age
17:11 Bow Saw
16:46 Horse Collar
17:15 Gold Mining
21:23 Wheelbarrow
25:05 Heavy Plow
29:38 Imperial Age
27:24 Hand Cart
27:29 Scale Barding Armor
27:35 Forging
28:39 Bloodlines
28:29 Husbandry
28:52 Chain Barding Armor
29:55 Cavalier
31:16 Plate Barding Armor
31:16 Iron Casting
31:24 Town Watch
31:32 Stone Mining
31:41 Paladin
33:17 Conscription
33:42 Fortified Wall
34:33 Chemistry
36:03 Town Patrol
37:04 Two-Man Saw
39:49 Caravan
40:14 Treadmill Crane
40:44 Masonry
50:38 Bombard Tower
51:43 Elite Skirmisher
小浮兒
9:30 Feudal Age
13:19 Castle Age
12:33 Double-Bit Axe
22:10 Wheelbarrow
23:26 Loom
29:20 Imperial Age
27:05 Hand Cart
26:36 Town Watch
27:08 Bow Saw
26:51 Gold Mining
27:05 Stone Mining
27:24 Scale Barding Armor
27:43 Forging
28:04 Husbandry
29:17 Chain Barding Armor
30:13 Scale Mail Armor
30:50 Plate Barding Armor
30:51 Iron Casting
29:53 Cavalier
30:50 Chivalry
31:24 Conscription
32:08 Gold Shaft Mining
33:07 Caravan
34:09 Blast Furnace
33:29 Paladin
36:42 Chemistry
40:41 Light Cavalry
48:31 Fletching
48:41 Padded Archer Armor
49:08 Bodkin Arrow
50:07 Leather Archer Armor
50:00 Siege Engineers
50:30 Ballistics
53:13 Town Patrol
Connection lost

Rejoining the realm…

Still unreachable

The connection could not be restored.

Session expired

The server has moved on; the page needs a fresh start.